 Dungeon Crawl Stone Soup version 0.31.0-32-g396128a36d (webtiles) character file.

Game seed: 15495050118380579893

77896 firemarshallily the Warrior (level 15, -2/134 HPs)
             Began as a Demonspawn Gladiator on Apr 10, 2024.
             Was the Champion of Uskayaw.
             Shot with a bolt by a yaktaur (22 damage)
             ... on level 14 of the Dungeon.
             The game lasted 00:56:27 (23357 turns).

firemarshallily the Warrior (Demonspawn Gladiator) Turns: 23357, Time: 00:56:27

Health: -2/134     AC: 21    Str: 33    XL:     15   Next: 16%
Magic:  0/13       EV: 12    Int: 16    God:    Uskayaw [******]
Gold:   2182       SH:  0    Dex: 13    Spells: 14/14 levels left

rFire   . . .        a - +5 war axe (drain)
rCold   . . .        (no shield)
rNeg    . . .        T - +3 ring mail
rPois   .            X - +2 hat {Int+3}
rElec   .            D - +2 cloak
rCorr   .            m - +0 pair of gloves
SInv    .            q - +2 pair of boots
Will    +....        J - amulet of guardian spirit
Stlth   +            H - +6 ring of strength
HPRegen 0.42/turn    L - +6 ring of strength
MPRegen 0.13/turn

%: guardian spirit
@: studying Armour
A: horns 2, ignite blood 2, spiny 3, sturdy frame 2, talons 1, clever 1, low MP
1
a: Renounce Religion, Stomp, Line Pass, Grand Finale


You were on level 14 of the Dungeon.
You worshipped Uskayaw.
Uskayaw was noncommittal.
You visited 4 branches of the dungeon, and saw 22 of its levels.
You also visited: Sewer.

You collected 3626 gold pieces.
You spent 1444 gold pieces at shops.

Inventory:

Hand Weapons
 a - a +5 war axe of draining (weapon)
 b - the +6 war axe of Punishment {freeze, *Corrode rF+ rC++ Will+}
   (You found it on level 5 of the Lair of Beasts)

   rF+:       It protects you from fire.
   rC++:      It greatly protects you from cold.
   Will+:     It increases your willpower.
   *Corrode:  It may corrode you when you take damage.
Missiles
 d - 4 throwing nets
 e - 18 javelins
 g - 36 poisoned darts
 i - 32 boomerangs (quivered)
 E - a curare-tipped dart
 P - 6 atropa-tipped darts
Armour
 m - a +0 pair of gloves (worn)
 q - a +2 pair of boots (worn)
 D - a +2 cloak (worn)
 G - a +0 cloak of preservation
 T - a +3 ring mail (worn)
 X - a +2 hat of intelligence (worn)
Jewellery
 r - a ring of see invisible
 y - a ring of positive energy
 A - a ring of protection from fire
 H - a +6 ring of strength (left hand)
 J - an amulet of guardian spirit (around neck)
 L - a +6 ring of strength (right hand)
 M - a ring of protection from cold
 V - a ring of poison resistance
 Y - the ring of the Lily {rF+ Will+ rCorr}
   (You bought it in a shop on level 13 of the Dungeon)

   [ring of protection from fire]

   rF+:       It protects you from fire.
   Will+:     It increases your willpower.
   rCorr:     It protects you from acid and corrosion.
Scrolls
 f - 5 scrolls of poison
 h - 2 scrolls of immolation
 j - 3 scrolls of fog
 l - a scroll of summoning
 o - 3 scrolls of blinking
 p - 3 scrolls of torment
 s - 6 scrolls of fear
 t - 9 scrolls of revelation
 x - 4 scrolls of vulnerability
 R - 4 scrolls of teleportation
 W - a scroll of silence
Potions
 c - 2 potions of lignification
 k - 2 potions of magic
 n - a potion of mutation
 u - 2 potions of curing
 w - a potion of might
 z - 2 potions of brilliance
 F - 2 potions of enlightenment
 Q - 2 potions of resistance
 S - 3 potions of berserk rage
 U - 2 potions of cancellation
Miscellaneous
 v - a box of beasts
 B - a condenser vane


   Skills:
 * Level 17.4 Fighting
 - Level 16.0 Axes
 - Level 1.7 Throwing
 + Level 13.2 Armour
 - Level 2.6 Dodging


You had 14 spell levels left.
You didn't know any spells.
Your spell library contained the following spells:

 Spells                   Type           Power      Damage    Failure   Level
 Foxfire                  Conj/Fire      0%         2x1d4     26%         1
 Kiss of Death            Conj/Necr      0%         2d5       26%         1
 Sandblast                Erth           0%         2d4       26%         1
 Slow                     Hex            0%         N/A       26%         1
 Sting                    Conj/Alch      0%         1d3       26%         1
 Lesser Beckoning         Tloc           0%         N/A       36%         2
 Mercury Vapours          Alch/Air       0%         N/A       36%         2
 Call Canine Familiar     Summ           0%         N/A       61%         3
 Confusing Touch          Hex            0%         N/A       61%         3
 Fugue of the Fallen      Necr           0%         N/A       61%         3
 Gell's Gravitas          Tloc           0%         N/A       61%         3
 Ozocubu's Armour         Ice            0%         N/A       61%         3
 Passwall                 Erth           0%         N/A       61%         3
 Sigil of Binding         Hex            0%         N/A       61%         3
 Stone Arrow              Conj/Erth      0%         3d7       61%         3
 Teleport Other           Tloc           0%         N/A       61%         3
 Vampiric Draining        Necr           0%         2d6       61%         3
 Animate Armour           Summ/Erth      0%         N/A       95%         4
 Animate Dead             Necr           0%         N/A       95%         4
 Brom's Barrelling Bould  Conj/Erth      0%         2d3       95%         4
 Dimensional Bullseye     Hex/Tloc       0%         N/A       95%         4
 Dispel Undead            Necr           0%         3d6       95%         4
 Leda's Liquefaction      Alch/Erth      0%         N/A       95%         4
 Manifold Assault         Tloc           0%         N/A       95%         4
 Olgreb's Toxic Radiance  Alch           0%         N/A       95%         4
 Lee's Rapid Deconstruct  Erth           0%         3d4*      100%        5
 Bombard                  Conj/Erth      0%         9d1       100%        6
 Plasma Beam              Fire/Air       0%         2x1d10    100%        6
 Starburst                Conj/Fire      0%         6d3       100%        6
 Haunt                    Necr/Summ      0%         N/A       100%        7
 Infestation              Necr           0%         N/A       100%        8
 Lehudib's Crystal Spear  Conj/Erth      0%         10d2      100%        8


Dungeon Overview and Level Annotations

Branches:
Dungeon (14/15)            Temple (1/1) D:5            Lair (5/5) D:8
  Swamp (0/4) Lair:3        Snake (0/4) Lair:3        Slime (0/5) Lair:5
    Orc (2/2) D:10            Elf (0/3) Orc:2         Sewer (visited)
 Vaults: D:13-14

Altars:
Ashenzari
Cheibriados
Dithmenos
Fedhas
Gozag
Hepliaklqana
Kikubaaqudgha
Makhleb
Nemelex Xobeh
Okawaru
Qazlal
Ru
Sif Muna
Trog
Uskayaw
Vehumet
Wu Jian
Xom
Yredelemnul

Shops:
D:4 *   D:10 !   D:13 =   Orc:1 *   Orc:2 :!(?

Portals:
Pandemonium: Orc:2

Annotations:
Lair:1 3 runed translucent doors, mainiacjoe's ghost, journeyman MiFi


Innate Abilities, Weirdness & Mutations

You have a pair of horns on your head.
Your demonic aura often causes spilled blood to erupt in flames.
You are completely covered in sharp spines.
Your movements are less encumbered by armour. (ER -4)
You have sharp toenails.
Your mind is acute. (Int +4, Str/Dex -1)
Your magical capacity is low. (-10% MP)


Message History

* * * LOW HITPOINT WARNING * * *
Items here: )) [ †.
You closely miss the orc priest. Your headbutt misses the orc priest.
The orc priest is moderately wounded.
The orc priest misses you.
The yaktaur is engulfed in blazing flames.
Unknown command.
You closely miss the orc priest.
The orc priest is moderately wounded.
The orc priest no longer looks unusually strong.
The skeletal warrior hits you but does no damage.
The yaktaur shoots a bolt.
The bolt hits you!!
* * * LOW HITPOINT WARNING * * *
The orc priest is struck by your spines.
You kill the orc priest!
You feel much better.
The skeletal warrior hits you but does no damage.
The skeletal warrior is struck by your spines.
The skeletal warrior hits you but does no damage.
The yaktaur shoots a bolt.
The bolt hits you!
* * * LOW HITPOINT WARNING * * *
You hit the skeletal warrior.
The skeletal warrior is lightly damaged.
The skeletal warrior hits you but does no damage.
You slash the skeletal warrior!
You headbutt the skeletal warrior, but do no damage.
The skeletal warrior is heavily damaged.
The yaktaur shoots a bolt.
The bolt hits you.
* * * LOW HITPOINT WARNING * * *
You closely miss the skeletal warrior.
Your headbutt misses the skeletal warrior.
The skeletal warrior is heavily damaged.
The skeletal warrior hits you but does no damage.
The yaktaur shoots a bolt.
The bolt hits you!!
* * * LOW HITPOINT WARNING * * *
You feel better.
The skeletal warrior is struck by your spines.
The skeletal warrior hits you but does no damage.
The yaktaur shoots a bolt.
The bolt hits you!!
You die...

## #..# ## .. #..#
.. # . #..##. # #.
#.#..#.# Z#
..##)#..#.##..
..$.......
#####.#))#.#####..
.......)@z........
......c.°)........
#####.#).#.#####.
#........))#
#..##.#..#.##..#
#. #.#..#.# .# # .
#..##. # ### ..
#..# .. ..#
#####..######


You could see a skeletal warrior, a yaktaur and a boggart skeleton (wandering).

Vanquished Creatures
  Gastronok (Lair:2)
  An orc warlord (Orc:2)
  5 hydras
  4 catoblepae
  4 boulder beetles
  A demonspawn (Orc:2)
  A centaur warrior (D:13)
  4 two-headed ogres
  8 orc high priests (Orc:2)
  8 death yaks (Lair:5)
  Urug (D:12)
  Nergalle (Lair:2)
  A deep elf knight (D:14)
  A sixfirhy (Orc:2)
  A goliath frog (Lair:3)
  6 orc knights
  4 deep elf pyromancers
  A lindwurm (Lair:3)
  4 manticores
  7 orc sorcerers (Orc:2)
  12 elephants (Lair:5)
  Maurice (Orc:1)
  2 cyclopes
  A kobold blastminer (Orc:1)
  5 cane toads
  5 black mambas
  A torpor snail (Lair:5)
  3 centaur skeletons (D:14)
  3 rime drakes
  A kobold demonologist (D:12)
  4 komodo dragons
  3 yaktaurs (D:14)
  3 trolls
  13 blink frogs
  2 polar bears (Lair:2)
  Grinder (D:3)
  2 hellwings (Orc:2)
  6 dream sheep
  2 slime creatures (D:13)
  A ynoxinul (Orc:2)
  A hog (shapeshifter) (D:13)
  4 wyverns
  A vampire (D:12)
  2 wraiths
  Eustachio (D:4)
  65 yaks
  4 basilisks
  3 wargs (Orc:2)
  9 vampire mosquitoes
  A chaos spawn (Orc:2)
  2 acid dragons (D:11)
  A naga (Lair:3)
  10 water moccasins
  2 swamp drakes
  An ice beast (D:7)
  6 black bears
  38 orc warriors
  A sky beast (D:5)
  9 ogres
  12 wolves
  7 centaurs
  Blork the orc (D:6)
  3 kobold brigands
  17 bullfrogs
  2 gnoll sergeants
  2 scorpions
  12 wights
  5 electric eels
  A howler monkey (D:11)
  7 hounds
  A lava snake (D:7)
  3 bombardier beetles
  3 jellies
  24 orc priests
  3 gnoll boudas
  Jessica (D:2)
  A sleepcap (D:5)
  Natasha (thrice) (D:2)
  4 iguanas
  26 orc wizards
  24 gnolls
  5 river rats
  14 adders
  2 shadow imps
  3 dart slugs
  8 ribbon worms
  74 orcs
  5 bats
  5 endoplasms
  5 giant cockroaches (D:4)
  6 goblins
  11 hobgoblins
  6 jackals
  16 kobolds
  A quokka (D:1)
  9 ball pythons
  9 frilled lizards
  9 rats
646 creatures vanquished.

Vanquished Creatures (others)
  An orc wizard (D:4)
1 creature vanquished.

Grand Total: 647 creatures vanquished

Notes
Turn   | Place    | Note
-------+----------+-------------------------------------------
     0 | D:1      | firemarshallily the Demonspawn Gladiator began the quest
                  | for the Orb.
     0 | D:1      | Reached XP level 1. HP: 16/16 MP: 1/1
   116 | D:1      | Gained mutation: You are partially covered in sharp spines.
                  | [demonic ancestry]
   116 | D:1      | Reached XP level 2. HP: 15/22 MP: 2/2
   793 | D:2      | Reached XP level 3. HP: 22/28 MP: 3/3
   834 | D:2      | Reached skill level 1 in Armour
   900 | D:2      | Identified the +2 helmet of the Orange Skies {rN+ Str+2
                  | Dex+3}
  1001 | D:2      | Noticed Natasha
  1006 | D:2      | Killed Natasha
  1007 | D:2      | Reached skill level 3 in Fighting
  1007 | D:2      | Gained mutation: Your demonic aura sometimes causes spilled
                  | blood to erupt in flames. [demonic ancestry]
  1007 | D:2      | Reached XP level 4. HP: 28/35 MP: 4/4
  1089 | D:2      | Noticed Natasha
  1093 | D:2      | Killed Natasha
  1160 | D:2      | Noticed Natasha
  1167 | D:2      | Killed Natasha
  1168 | D:2      | Gained mutation: You are mostly covered in sharp spines.
                  | [demonic ancestry]
  1168 | D:2      | Reached XP level 5. HP: 27/41 MP: 5/5
  1305 | D:2      | Noticed Jessica
  1311 | D:2      | Killed Jessica
  1811 | D:3      | Reached skill level 4 in Fighting
  1859 | D:3      | Noticed Grinder
  1865 | D:3      | Paralysed by Grinder for 5 turns
  1871 | D:3      | Killed Grinder
  1872 | D:3      | Gained mutation: Your movements are slightly less
                  | encumbered by armour. (ER -2) [demonic ancestry]
  1872 | D:3      | Reached XP level 6. HP: 37/49 MP: 6/6
  2493 | D:4      | Noticed Eustachio
  2519 | D:4      | Killed Eustachio
  2520 | D:4      | Reached skill level 5 in Fighting
  2520 | D:4      | Reached skill level 5 in Axes
  2520 | D:4      | Reached XP level 7. HP: 17/56 MP: 7/7
  2753 | D:4      | Found Hijen's General Store.
  2758 | D:4      | Bought a scroll of identify for 20 gold pieces
  2758 | D:4      | Bought a potion of curing for 30 gold pieces
  3247 | D:4      | Reached skill level 6 in Fighting
  3695 | D:5      | Entered Level 5 of the Dungeon
  3715 | D:5      | Reached XP level 8. HP: 55/64 MP: 8/8
  3728 | D:5      | Found a staircase to the Ecumenical Temple.
  3958 | Temple   | Entered the Ecumenical Temple
  3983 | Temple   | Became a worshipper of Uskayaw the Reveller
  4103 | D:5      | Reached * piety under Uskayaw
  4107 | D:5      | Reached ** piety under Uskayaw
  4130 | D:5      | Found a sacrificial altar of Ru.
  4174 | D:5      | Reached *** piety under Uskayaw
  4315 | D:5      | Reached skill level 7 in Fighting
  4318 | D:5      | Reached **** piety under Uskayaw
  4719 | D:6      | Found a glowing drain.
  4728 | Sewer    | Entered a sewer
  5073 | D:6      | Gained mutation: Your demonic aura often causes spilled
                  | blood to erupt in flames. [demonic ancestry]
  5073 | D:6      | Reached XP level 9. HP: 63/73 MP: 9/9
  5238 | D:6      | Reached skill level 8 in Fighting
  5445 | D:6      | Noticed Blork the orc
  5449 | D:6      | Killed Blork the orc
  5937 | D:6      | Reached skill level 5 in Armour
  6511 | D:7      | Found a snail-covered altar of Cheibriados.
  6511 | D:7      | Found a blossoming altar of Fedhas.
  6712 | D:8      | Reached skill level 9 in Fighting
  7010 | D:8      | Gained mutation: You have a pair of small horns on your
                  | head. [demonic ancestry]
  7010 | D:8      | Reached XP level 10. HP: 24/83 MP: 10/10
  7021 | D:8      | Reached ***** piety under Uskayaw
  7029 | D:8      | Reached ****** piety under Uskayaw
  7192 | D:8      | Found a staircase to the Lair.
  7329 | D:8      | Noticed a deep elf pyromancer
  7337 | D:8      | Killed a deep elf pyromancer
  7481 | D:8      | Found a shimmering blue altar of Sif Muna.
  7629 | D:8      | Reached skill level 10 in Fighting
  8097 | D:8      | HP: 3/85 [electric eel/bolt of electricity (12)]
  8963 | D:9      | Reached skill level 10 in Axes
  9125 | D:9      | Reached skill level 11 in Fighting
  9125 | D:9      | Gained mutation: You are completely covered in sharp
                  | spines. [demonic ancestry]
  9125 | D:9      | Reached XP level 11. HP: 74/93 MP: 11/11
  9375 | D:9      | Found a sparkling altar of Nemelex Xobeh.
  9385 | D:9      | Found a shimmering blue altar of Sif Muna.
  9386 | D:9      | Found a basalt altar of Yredelemnul.
  9387 | D:9      | Found a shadowy altar of Dithmenos.
  9389 | D:9      | Found a burning altar of Makhleb.
  9390 | D:9      | Found a stormy altar of Qazlal.
  9621 | D:10     | Entered Level 10 of the Dungeon
  9660 | D:10     | Found Jeiwn's Distillery.
  9665 | D:10     | Bought a potion of resistance for 110 gold pieces
  9665 | D:10     | Bought a potion of degeneration for 11 gold pieces
  9665 | D:10     | Bought a potion of berserk rage for 55 gold pieces
  9665 | D:10     | Bought a potion of curing for 33 gold pieces
  9665 | D:10     | Bought a potion of might for 44 gold pieces
  9855 | D:10     | Noticed a two-headed ogre
  9980 | D:10     | Killed a two-headed ogre
 10136 | D:10     | Found a staircase to the Orcish Mines.
 10760 | D:11     | Noticed a boulder beetle
 10773 | D:11     | Killed a boulder beetle
 11196 | D:11     | Reached skill level 12 in Fighting
 11327 | D:11     | Noticed a two-headed ogre
 11335 | D:11     | Killed a two-headed ogre
 11611 | D:11     | Noticed a two-headed ogre
 11618 | D:11     | Killed a two-headed ogre
 12253 | D:12     | Noticed Urug
 12261 | D:12     | Killed Urug
 12356 | D:12     | Reached XP level 12. HP: 103/103 MP: 12/12
 12465 | D:12     | Noticed a two-headed ogre
 12474 | D:12     | Killed a two-headed ogre
 12526 | D:12     | Noticed a boulder beetle
 12549 | D:12     | Killed a boulder beetle
 12550 | D:12     | Reached skill level 13 in Fighting
 12766 | D:12     | Noticed a boulder beetle
 12791 | D:12     | Killed a boulder beetle
 13159 | Lair:1   | Entered Level 1 of the Lair of Beasts
 13203 | Lair:1   | Found a runed translucent gate.
 13572 | Lair:1   | Noticed mainiacjoe's ghost (journeyman MiFi)
 13574 | Lair:1   | Noticed a minotaur
 13591 | Lair:1   | Found a runed translucent gate.
 13591 | Lair:1   | Found a runed translucent gate.
 14062 | Lair:2   | Reached skill level 14 in Fighting
 14137 | Lair:2   | Noticed Gastronok
 14157 | Lair:2   | Killed Gastronok
 14158 | Lair:2   | Gained mutation: Your movements are less encumbered by
                  | armour. (ER -4) [demonic ancestry]
 14158 | Lair:2   | Reached XP level 13. HP: 34/113 MP: 3/13
 14455 | Lair:2   | Noticed Nergalle
 14464 | Lair:2   | Killed Nergalle
 14646 | Lair:2   | Identified 2 scrolls of acquirement
 14662 | Lair:2   | Acquired a manual of Armour
 14664 | Lair:2   | Acquired 1365 gold pieces
 15651 | Lair:3   | You fall into a shaft and drop 2 floors!
 15651 | Lair:5   | Entered Level 5 of the Lair of Beasts
 15961 | Lair:5   | Reached skill level 10 in Armour
 16249 | Lair:5   | Reached skill level 15 in Fighting
 16404 | Lair:5   | Identified the +0 dagger "Ynepeij" {freeze, rPois}
 16974 | Lair:5   | Gained mutation: You have a pair of horns on your head.
                  | [demonic ancestry]
 16974 | Lair:5   | Reached XP level 14. HP: 119/124 MP: 14/14
 17401 | Lair:5   | Identified the +6 war axe of Punishment {freeze, *Corrode
                  | rF+ rC++ Will+}
 17625 | Lair:5   | Found a staircase to the Slime Pits.
 18207 | Lair:4   | Reached skill level 16 in Fighting
 18637 | Lair:3   | Reached skill level 15 in Axes
 19024 | Lair:3   | Found a staircase to the Snake Pit.
 19205 | Lair:3   | Found a staircase to the Swamp.
 19404 | Orc:1    | Entered Level 1 of the Orcish Mines
 19404 | Orc:1    | Noticed Maurice
 19409 | Orc:1    | Killed Maurice
 19649 | Orc:1    | Found Rubunt's Overcharged Wands.
 19933 | Orc:2    | Entered Level 2 of the Orcish Mines
 19941 | Orc:2    | Noticed an orc warlord
 19957 | Orc:2    | Killed an orc warlord
 20274 | Orc:2    | Found a staircase to the Elven Halls.
 20988 | Orc:2    | Found Daykedam's Distillery.
 20997 | Orc:2    | Found Neure's Magic Scroll Emporium.
 21317 | Orc:2    | Bought a potion of lignification for 36 gold pieces
 21317 | Orc:2    | Bought a potion of heal wounds for 60 gold pieces
 21317 | Orc:2    | Bought a potion of cancellation for 96 gold pieces
 21317 | Orc:2    | Bought a potion of heal wounds for 60 gold pieces
 21319 | Orc:2    | Bought a scroll of teleportation for 33 gold pieces
 21337 | Orc:2    | Paralysed by an orc sorcerer for 2 turns
 21343 | Orc:2    | Gained mutation: You sometimes lose your temper in combat.
                  | [a neqoxec]
 21619 | Orc:2    | Lost mutation: You sometimes lose your temper in combat.
                  | [potion of mutation]
 21619 | Orc:2    | Gained mutation: You are vulnerable to heat. (rF-) [potion
                  | of mutation]
 21619 | Orc:2    | Gained mutation: You occasionally shout uncontrollably at
                  | your foes. [potion of mutation]
 21619 | Orc:2    | Gained mutation: You expend magic power (3 MP) to
                  | strengthen your wands. [potion of mutation]
 21620 | Orc:2    | Lost mutation: You expend magic power (3 MP) to strengthen
                  | your wands. [potion of mutation]
 21620 | Orc:2    | Lost mutation: You are vulnerable to heat. (rF-) [potion of
                  | mutation]
 21620 | Orc:2    | Lost mutation: You occasionally shout uncontrollably at
                  | your foes. [potion of mutation]
 21620 | Orc:2    | Gained mutation: Your mind is acute. (Int +4, Str/Dex -1)
                  | [potion of mutation]
 21620 | Orc:2    | Gained mutation: Your magical capacity is low. (-10% MP)
                  | [potion of mutation]
 21620 | Orc:2    | Gained mutation: You have sharp toenails. [potion of
                  | mutation]
 22020 | Orc:2    | Reached skill level 17 in Fighting
 22025 | Orc:2    | Found Zoeriq's Book Shop.
 22025 | Orc:2    | Found Tynemioh's Antique Weapon Boutique.
 22025 | Orc:2    | Found a one-way gate leading to the halls of Pandemonium.
 22230 | Orc:2    | Bought a scroll of enchant weapon for 82 gold pieces
 22230 | Orc:2    | Bought a scroll of poison for 44 gold pieces
 22230 | Orc:2    | Bought a scroll of enchant weapon for 82 gold pieces
 22701 | D:13     | Reached XP level 15. HP: 134/134 MP: 13/13
 22955 | D:13     | Found Mytown's Jewellery Emporium.
 22958 | D:13     | Bought the ring of the Lily {rF+ Will+ rCorr} for 648 gold
                  | pieces
 23357 | D:14     | Shot with a bolt by a yaktaur

Illustrated notes

Levels and vault maps discovered:
D:1:      amcnicky_arrival_underground_garden, layout_basic, minmay_tetromino_s2
D:2:      layout_basic, uniq_jessica, uniq_natasha
D:3:      layout_loops_ring, uniq_grinder
D:4:      layout_basic, serial_shops, nicolae_shop_rolling_square,
          minmay_joined_circles, uniq_eustachio
D:5:      layout_basic, nicolae_ru_great_annihilating_truth, temple_pool_b
D:6:      layout_basic, lightli_sewer_entry_pipes, serial_bayou_pond_e,
          uniq_blork_the_orc
D:7:      layout_rooms, nicolae_overflow_two_pavilions, palyth_stone_intersect
D:8:      layout_loops_ring, grunt_lair_entry_orc_guard_hut, chequers_big_river,
          serial_library_hellmonk_narrow_alcove
D:9:      layout_long_grid, minitemple, nicolae_twisty_statue_hallways
D:10:     layout_basic, erik_orc_1, serial_shops,
          nicolae_shop_just_a_little_nook
D:11:     layout_irregular_city
D:12:     layout_irregular_city, uniq_urug
D:13:     layout_loops_cross, serial_shops, kennysheep_mini,
          chequers_serial_rivers_large_a
D:14:     layout_irregular_city, hangedman_vaults_entry_quadrant_bands,
          hellmonk_guarded_unrand_salamander, uniq_lodul, uniq_jorgrun
Temple:   nicolae_temple_godzebo
Lair:1:   layout_hall_layers, maelrawn_ghost_gauntlet_escape,
          small_statue_intersection, hangedman_lair_unloving_vines,
          grunt_megastairs_4
Lair:2:   layout_small_grid, uniq_nergalle, uniq_gastronok
Lair:3:   layout_regular_city, mainiacjoe_swamp_entry_lozenge_pond,
          guppyfry_snake_entry_garden
Lair:4:   layout_gridlike, columned_hall_lemuel
Lair:5:   evilmike_catoblepas_cave, layout_cave_pods, slime_entry_1,
          lemuel_fruit_fields
Orc:1:    layout_diamond_mine, nicolae_shop_overcharged_wands, uniq_maurice
Orc:2:    pf_orc_diabolical, layout_diamond_mine

Skill      XL: |  1  2  3  4  5  6  7  8  9 10 11 12 13 14 15 |
---------------+----------------------------------------------+-----
Axes           | 3 4 5 6 7 8 10 11 13 14 15 16 | 16.0
Armour         | 1 2 3 4 5 6 8 9 11 12 13 | 13.2
Fighting       | 3 4 5 6 7 9 11 12 14 15 17 | 17.4
Throwing       | |  1.7
Dodging        | |  2.6

Action                     |  1- 3 |  4- 6 |  7- 9 | 10-12 | 13-15 || total
---------------------------+-------+-------+-------+-------+-------++-------
  Melee: War axe           |    67 |    63 |   267 |   331 |   540 ||  1268
         Punch             |     1 |     1 |     3 |     7 |     8 ||    20
         Headbutt          |       |       |       |    80 |   137 ||   217
  Throw: Boomerang         |       |     2 |     5 |    61 |    17 ||    85
         Javelin           |       |       |     1 |     3 |     6 ||    10
         Dart              |       |       |       |     9 |       ||     9
 Invoke: Stomp             |       |       |       |       |     1 ||     1
         Line Pass         |       |       |       |       |     1 ||     1
    Use: Scroll            |       |       |     9 |     7 |    15 ||    31
         Potion            |       |       |     1 |    10 |    12 ||    23
   Stab: Paralysed         |       |       |    16 |    30 |    41 ||    87
         Sleeping          |       |       |     1 |       |     3 ||     4
         Distracted        |       |       |     1 |       |       ||     1
 Armour: Leather armour    |    42 |    46 |   177 |    86 |       ||   351
         Ring mail         |       |       |       |   163 |   457 ||   620
  Dodge: Dodged            |    48 |    46 |   168 |   162 |   279 ||   703
